 Dungeon Crawl Stone Soup version 0.29.0-4-gdea44cf6ec (webtiles) character file.

Game seed: 15587691604086846491

49 RascalDebosk the Cudgeller (level 3, -3/35 HPs)
             Began as a Troll Gladiator on Aug 27, 2022.
             Slain by an orc
             ... wielding a +0 trident
              (6 damage)
             ... on level 3 of the Dungeon.
             The game lasted 00:10:52 (1598 turns).

RascalDebosk the Cudgeller (Troll Gladiator)        Turns: 1598, Time: 00:10:52

Health: -3/35      AC:  4    Str: 22    XL:     3   Next: 53%
Magic:  2/2        EV: 10    Int:  6    God:
Gold:   75         SH:  0    Dex: 11    Spells: 2/2 levels left

rFire   . . .      SeeInvis .   a - +0 flail
rCold   . . .      Faith    .   (no shield)
rNeg    . . .      Spirit   .   b - +0 robe
rPois   .          Reflect  .   c - +0 hat
rElec   .          Harm     .   (no cloak)
rCorr   .          Rampage  .   (gloves unavailable)
Will    .....                   (boots unavailable)
Stlth   +.........              (no amulet)
HPRegen 0.91/turn               (no ring)
MPRegen 0.08/turn               (no ring)

@: no status effects
A: large, unfitting armour, claws 3, regeneration 1, shaggy fur 1, tough skin 1
a: no special abilities


You were on level 3 of the Dungeon.
You visited 1 branch of the dungeon, and saw 3 of its levels.

You collected 75 gold pieces.

Inventory:

Hand Weapons
 a - a +0 flail (weapon)
Missiles
 d - 2 throwing nets (quivered)
 e - a large rock
 j - 6 atropa-tipped darts
 k - 10 poisoned darts
Armour
 b - a +0 robe (worn)
 c - a +0 hat (worn)
Scrolls
 g - a scroll of poison {unknown}
 h - 2 scrolls of amnesia {unknown}
 i - a scroll of butterflies {unknown}
 o - a scroll of identify {unknown}
 p - a scroll of immolation {unknown}
Potions
 f - a potion of resistance {unknown}
 l - a potion of flight {unknown}
 m - a potion of magic {unknown}
 n - 2 potions of heal wounds {unknown}
 q - a potion of haste {unknown}


   Skills:
 + Level 2.1 Fighting
 + Level 3.1 Maces & Flails
 + Level 2.3 Throwing
 + Level 2.8 Dodging


You had 2 spell levels left.
You didn't know any spells.
Your spell library was empty.

Dungeon Overview and Level Annotations

Branches:
Dungeon (3/15)

Altars:
Nemelex Xobeh


Innate Abilities, Weirdness & Mutations

You are too large for most types of armour.
You have claws for hands.
Your natural rate of healing is unusually fast.
You are covered in fur. (AC +1)
You have tough skin. (AC +1)


Message History

The orc hits you but does no damage.
The orc wizard hits you with a +0 dagger.
You closely miss the orc wizard. The orc barely misses you. x2
The orc wizard hits you but does no damage.
The orc barely misses you. The orc hits you but does no damage.
The orc barely misses you.
The orc wizard hits you with a +0 dagger.
The orc hits you from afar with a +0 trident.
You closely miss the orc wizard. The orc closely misses you.
The orc wizard mumbles some strange words.
The orc wizard flickers and vanishes!
Deactivating autopickup; reactivate with Ctrl-A.
The orc hits you with a +0 dagger. The orc barely misses you.
You barely miss something.
The orc hits you from afar with a +0 trident!
The orc hits you but does no damage. Something hits you.
The orc hits you but does no damage.
You miss something.
The orc hits you from afar with a +0 trident.
The orc hits you but does no damage. Something hits you but does no damage.
The orc hits you with a +0 dagger.
You barely miss something. The orc closely misses you.
The orc hits you from afar with a +0 trident!
* * * LOW HITPOINT WARNING * * *
Something hits you.
* * * LOW HITPOINT WARNING * * *
The orc completely misses you. Something hits you but does no damage.
The orc barely misses you.
The orc hits you from afar with a +0 trident.
* * * LOW HITPOINT WARNING * * *
The orc closely misses you.
You barely miss something. The orc barely misses you.
You hear some strange, mumbled words.
Something tries to affect you, but you resist.
The orc hits you with a +0 dagger.
* * * LOW HITPOINT WARNING * * *
The orc barely misses you.
You closely miss something.
The orc hits you from afar with a +0 trident.
You die...

....## #...# # #...#
#...# #. ###...###...###
#.### #..............
##....####..............
#.......................
.....................###
.....o†o...#...###..>###
.....o†@................
.....>{.....#.#####.####
......#####.#.# ##.##
#....) #.$.# ##...###
##... #.....#......<
#.... .###..#...### #.#.
.# #.###.## #.#. #.# ##.
## #


You could see 3 orcs.

Vanquished Creatures
  3 adders
  3 ball pythons
  A bat (D:2)
  2 endoplasms
  3 giant cockroaches
  A goblin (D:2)
  3 hobgoblins
  A quokka (D:1)
  A frilled lizard (D:1)
  3 kobolds
  A rat (D:2)
22 creatures vanquished.

Vanquished Creatures (others)
  A fungus (D:1)
  3 plants (D:1)
4 creatures vanquished.

Grand Total: 26 creatures vanquished

Notes
Turn   | Place    | Note
-------+----------+-------------------------------------------
     0 | D:1      | RascalDebosk the Troll Gladiator began the quest for the
                  | Orb.
     0 | D:1      | Reached XP level 1. HP: 19/19 MP: 0/0
   189 | D:1      | Found a faded altar of an unknown god.
   349 | D:1      | Reached XP level 2. HP: 20/28 MP: 1/1
   960 | D:2      | Found a sparkling altar of Nemelex Xobeh.
  1080 | D:2      | Reached skill level 3 in Maces & Flails
  1080 | D:2      | Reached XP level 3. HP: 35/35 MP: 2/2
  1598 | D:3      | Slain by an orc

Illustrated notes

Levels and vault maps discovered:
D:1:      sevenhm_arrival_forest_fort_small_6, layout_basic,
          shapermc_ecumenical_altar_mp_urbaneastern, minmay_surrounded
D:2:      layout_loops_ring, basic_altar
D:3:      layout_loops_ring, dancing_weapons_uskayaw, nicolae_ru_path_of_blood,
          minmay_misc_feat_hallway, uniq_ijyb

Skill      XL: |  1  2 |
---------------+-------+-----
Throwing       | 2 |  2.3
Fighting       | 2 |  2.1
Maces & Flails | 3 |  3.1
Dodging        | |  2.8

Action                   || total
-------------------------++-------
Melee: Flail             ||    82
       Punch             ||     1
Throw: Throwing net      ||     1
Armor: Robe              ||    32
Dodge: Dodged            ||    43
